 Dungeon Crawl Stone Soup version 0.17.1-3-g152610e (webtiles) character file.

152 Jerry the Ducker (level 5, -4/28 HPs)
             Began as a Spriggan Fighter on Mar 9, 2016.
             Killed by divine providence
             ... invoked by an orc priest
              (14 damage)
             ... on level 2 of the Dungeon.
             The game lasted 00:11:26 (3940 turns).

Jerry the Ducker (Spriggan Fighter)                 Turns: 3940, Time: 00:11:26

Health: -4/28      AC:  2    Str: 12    XL:     5   Next: 11%
Magic:  6/6        EV: 20    Int:  9    God:
Gold:   107        SH:  7    Dex: 17    Spells: 0 memorised, 4 levels left

rFire  . . .     SeeInvis +     a - +0 falchion
rCold  + . .     Clarity  .     b - +0 robe
rNeg   . . .     SustAt   .     c - +0 buckler
rPois  .         Gourm    .     (helmet restricted)
rElec  .         Spirit   .     (no cloak)
rCorr  .         Warding  .     (gloves unavailable)
rMut   .         Stasis   .     (boots unavailable)
MR     .....                    n - amulet of faith
Stlth  ++........               (no ring)
                                j - ring of protection from cold

@: very quick, not resistant to hostile enchantments, unstealthy
A: unfitting armour, see invisible, herbivore 3, speed 3, slow metabolism 2
a: no special abilities


You were on level 2 of the Dungeon.
You were very hungry.

You visited 1 branch of the dungeon, and saw 3 of its levels.

You collected 107 gold pieces.

Inventory:

Hand Weapons
 a - a +0 falchion (weapon)
Missiles
 p - 64 stones (quivered)
Armour
 b - a +0 robe (worn)
 c - a +0 buckler (worn)
Jewellery
 j - a ring of protection from cold (left hand)
 n - an amulet of faith (around neck)
Scrolls
 g - 4 scrolls of identify {unknown}
 h - a scroll of teleportation {unknown}
 l - a scroll of fear {unknown}
 m - a scroll of remove curse {unknown}
 o - a scroll of enchant weapon {unknown}
 q - a scroll of recharging {unknown}
Potions
 d - 2 potions of might
 i - 2 potions of magic {unknown}
 r - a potion of curing {unknown}
 s - 2 potions of flight {unknown}
 t - a potion of invisibility {unknown}
Comestibles
 e - 4 bread rations
 f - 2 slices of pizza
 k - 4 fruits


   Skills:
 + Level 3.0 Fighting
 + Level 2.4 Long Blades
 - Level 0.4 Armour
 + Level 5.1 Dodging
 + Level 1.2 Stealth
 + Level 3.1 Shields


You had 4 spell levels left.
You didn't know any spells.

Dungeon Overview and Level Annotations

Branches:
Dungeon (3/15)

Altars:


Innate Abilities, Weirdness & Mutations

You are tiny and cannot use many weapons and most armour.
You have supernaturally acute eyesight.
You are a herbivore.
You cover ground extremely quickly.
You need consume almost no food.


Message History

The orc priest misses you.
The orc priest casts a cantrip, but nothing happens.
You hit the orc priest but do no damage.
The orc priest is lightly wounded.
The orc priest hits you.
You barely miss the orc priest.
The orc priest is lightly wounded.
The orc priest misses you.
You hit the orc priest but do no damage.
The orc priest is lightly wounded.
You block the orc priest's attack.
You closely miss the orc priest.
The orc priest is lightly wounded.
The orc priest casts a cantrip, but nothing happens.
Your shield prevents you from hitting the orc priest.
The orc priest is lightly wounded.
The orc priest mumbles some strange prayers to Beogh against you.
Something smites you!
Ouch! That really hurt!
You die...

#.......# ### #.......# #..
#.......# #%. #.......# #..
#.......### ####..
#.........######## #.....
#......).........# #.....
#......)......)..######.....
#..........@.....'..........
########..o.†....######...##
#.........# #...##
####.#)#### #...##
#...%#########...##
#...)........'...''
#.....########...## #####.#
###### #.#######


You could see an orc priest.

Vanquished Creatures
  4 gnolls (D:2)
  3 adders
  An ooze (D:1)
  4 worms
  2 orcs (D:3)
  9 bats
  3 giant cockroaches
  8 goblins
  9 hobgoblins
  16 kobolds
  3 giant geckos
  3 giant newts
  9 rats
74 creatures vanquished.

Notes
Turn   | Place    | Note
--------------------------------------------------------------
     0 | D:1      | Jerry the Spriggan Fighter began the quest for the Orb.
     0 | D:1      | Reached XP level 1. HP: 11/11 MP: 2/2
   102 | D:1      | Reached XP level 2. HP: 11/16 MP: 3/3
  1000 | D:2      | Reached XP level 3. HP: 19/19 MP: 4/4
  2119 | D:2      | Reached XP level 4. HP: 10/23 MP: 5/5
  3214 | D:3      | Reached skill level 5 in Dodging
  3383 | D:2      | Reached skill level 1 in Stealth
  3606 | D:2      | Reached XP level 5. HP: 8/28 MP: 6/6
  3940 | D:2      | Killed from afar by an orc priest

Action                   |  1- 3 |  4- 6 || total
-------------------------+-------+-------++-------
Melee: Falchion          |   180 |   152 ||   332
 Stab: Sleeping          |     1 |     1 ||     2
